 Dungeon Crawl Stone Soup version 0.30.1-9-gdf580d7c3d (webtiles) character file.

Game seed: 5179198431983473838

142 jagang the Covered (level 5, -1/41 HPs)
             Began as a Human Fighter on Sept 27, 2023.
             Slain by a goblin
             ... wielding a +0 club
             ... led by Robin
              (6 damage)
             ... on level 2 of the Dungeon.
             The game lasted 00:04:37 (1156 turns).

jagang the Covered (Human Fighter)                  Turns: 1156, Time: 00:04:37

Health: -1/41      AC: 11    Str: 18    XL:     5   Next: 50%
Magic:  5/5        EV:  5    Int:  8    God:
Gold:   121        SH:  5    Dex: 13    Spells: 4/4 levels left

rFire   + . .        m - +2 short sword (holy)
rCold   x . .        c - +0 buckler
rNeg    . . .        h - +0 plate armour
rPois   .            (no helmet)
rElec   .            (no cloak)
rCorr   .            (no gloves)
SInv    .            (no boots)
Will    .....        (no amulet) Stlth
                     e - ring of flight
HPRegen 0.26/turn    g - ring of fire
MPRegen 0.09/turn

%: no passive effects
@: flying
A: no striking features
a: no special abilities


You were on level 2 of the Dungeon.
You visited 1 branch of the dungeon, and saw 2 of its levels.

You collected 121 gold pieces.

Inventory:

Hand Weapons
 a - a +0 long sword
 m - a +2 short sword of holy wrath (weapon)
Armour
 c - a +0 buckler (worn)
 h - a +0 plate armour (worn)
Magical Staves
 i - a staff of air
Jewellery
 e - a ring of flight (left hand)
 g - a ring of fire (right hand)
 q - a +6 ring of dexterity
Scrolls
 j - a scroll of immolation {unknown}
 k - 2 scrolls of brand weapon {unknown}
 l - 2 scrolls of teleportation {unknown}
 n - a scroll of vulnerability {unknown}
 p - a scroll of fog {unknown}
Potions
 b - a potion of degeneration {unknown}
 d - a potion of brilliance {unknown}
 o - a potion of cancellation {unknown}
 r - a potion of flight


   Skills:
 + Level 3.4 Fighting
 + Level 1.2(2.3) Short Blades
 * Level 3.1(3.2) Long Blades
 + Level 4.1 Armour
 + Level 3.5 Shields


You had 4 spell levels left.
You didn't know any spells.
Your spell library was empty.

Dungeon Overview and Level Annotations

Branches:
Dungeon (2/15)

Altars:

Annotations:
D:2 Robin


Message History

You closely miss the goblin. You closely miss the goblin.
The goblin barely misses you.
Robin says, "Kneel, worm!"
The goblin shoots a sling bullet.
The sling bullet hits you.
* * * LOW HITPOINT WARNING * * *
You hit the goblin.
You kill the goblin!
The goblin no longer looks unusually strong.
Robin throws the goblin at you!
* * * LOW HITPOINT WARNING * * *
The goblin hits you but does no damage.
The goblin shoots a sling bullet.
The sling bullet hits you but does no damage.
You closely miss the goblin. The goblin hits you with a +0 club.
* * * LOW HITPOINT WARNING * * *
You hit the goblin.
The goblin is moderately wounded.
Robin hits you from afar with a +0 spear.
* * * LOW HITPOINT WARNING * * *
The goblin hits you but does no damage.
The goblin unwields a +0 sling.
The goblin wields a +0 club.
You block the goblin's attack.
You hit the goblin.
The goblin is heavily wounded.
Robin roars a battlecry!
The goblin goes into a battle-frenzy!
The goblin hits you but does no damage. The goblin barely misses you.
You barely miss the goblin.
The goblin is heavily wounded.
Robin hits you but does no damage.
The goblin hits you but does no damage. x2
You hit the goblin.
You kill the goblin!
Robin hits you from afar with a +0 spear.
* * * LOW HITPOINT WARNING * * *
You block the goblin's attack.
You hit the goblin.
You kill the goblin!
Robin throws the goblin at you!
You hit the goblin.
The goblin is heavily wounded.
The goblin hits you with a +0 club.
You die...

#....
#...##################
#...#...........#.....
#...#.#########.#.####
#...#.....#.....#.....
#..)#####.#.#########.
#...'.....#...........
#...##################
#...g@))##...#
#######g.)...#
#####..# ########.#
.......#†###
........r..#
.......gg.g....
..........g####
.......##..g.


You could see Robin and a goblin (strong).

Vanquished Creatures
  A phantom (D:2)
  Terence (D:2)
  An adder (D:2)
  5 ball pythons
  5 bats
  A giant cockroach (D:1)
  2 hobgoblins (D:2)
  A kobold (D:1)
  A quokka (D:2)
  2 frilled lizards (D:1)
  12 goblins
  2 rats (D:1)
34 creatures vanquished.

Notes
Turn   | Place    | Note
-------+----------+-------------------------------------------
     0 | D:1      | jagang the Human Fighter began the quest for the Orb.
     0 | D:1      | Reached XP level 1. HP: 18/18 MP: 1/1
   373 | D:1      | Reached XP level 2. HP: 24/24 MP: 2/2
   869 | D:2      | Found a faded altar of an unknown god.
   899 | D:2      | Reached XP level 3. HP: 29/29 MP: 3/3
   912 | D:2      | Noticed Terence
   925 | D:2      | HP: 1/29 [Terence/+0 flail (5)]
   934 | D:2      | Killed Terence
   935 | D:2      | Reached XP level 4. HP: 16/35 MP: 4/4
  1105 | D:2      | Noticed a phantom
  1107 | D:2      | Noticed Robin
  1115 | D:2      | Killed a phantom
  1116 | D:2      | Reached skill level 1 in Short Blades
  1116 | D:2      | Reached skill level 4 in Armour
  1116 | D:2      | Reached XP level 5. HP: 28/41 MP: 5/5
  1156 | D:2      | Slain by a goblin

Illustrated notes

Levels and vault maps discovered:
D:1:      kennysheep_arrival_seaside, layout_loops_cross, corner_web_ring
D:2:      minmay_spotlight, layout_rooms,
          dreamdust_ecumenical_altar_hidden_monk_grotto,
          roderic_serpentine_path, corexii_shack, lightli_corner_chamber,
          uniq_terence, uniq_robin

Skill      XL: |  1  2  3  4 |
---------------+-------------+-----
Short Blades   | 1 |  1.2
Long Blades    | 3 |  3.1
Armour         | 4 |  4.1
Fighting       | |  3.4
Shields        | |  3.5

Action                     |  1- 3 |  4- 6 || total
---------------------------+-------+-------++-------
  Melee: Long sword        |    31 |       ||    31
         Short sword       |    44 |    47 ||    91
    Use: Potion            |     4 |       ||     4
 Armour: Plate armour      |    61 |    33 ||    94
         Scale mail        |     1 |       ||     1
  Dodge: Dodged            |    18 |    15 ||    33
  Block: Buckler           |    16 |    14 ||    30
